 Dungeon Crawl Stone Soup version 0.31-a0-198-g2ad674f65e (webtiles) character file.

Game seed: 4778937741340345227

6 qw the Shooter (level 1, -2/12 HPs)
             Began as a Deep Elf Hunter on June 25, 2023.
             Slain by a gnoll
             ... wielding a +0 flail
              (7 damage)
             ... on level 1 of the Dungeon.
             The game lasted 00:00:03 (79 turns).

qw the Shooter (Deep Elf Hunter)                      Turns: 79, Time: 00:00:04

Health: -2/12      AC:  3    Str:  8    XL:     1   Next: 75%
Magic:  3/3        EV: 12    Int: 13    God:
Gold:   0          SH:  0    Dex: 18    Spells: 0/0 levels left

rFire   . . .        a - +0 shortbow
rCold   . . .        (shield currently unavailable)
rNeg    . . .        c - +0 leather armour
rPois   .            (no helmet)
rElec   .            (no cloak)
rCorr   .            (no gloves)
SInv    .            (no boots)
Will    .....        (no amulet)
Stlth   ++           (no ring)
HPRegen 0.22/turn    (no ring)
MPRegen 0.08/turn

%: no passive effects
@: no status effects
A: no striking features
a: no special abilities


You were on level 1 of the Dungeon.
You visited 1 branch of the dungeon, and saw 1 of its levels.


   Skills:
 - Level 1.5 Fighting
 + Level 5.8 Ranged Weapons
 - Level 2.4 Dodging
 - Level 1.2 Stealth


You couldn't memorise any spells.
You didn't know any spells.
Your spell library was empty.

Inventory:

Hand Weapons
 a - a +0 shortbow (weapon)
Armour
 c - a +0 leather armour (worn)
 d - a +0 ring mail
Scrolls
 b - a scroll of butterflies

Dungeon Overview and Level Annotations

Branches:
Dungeon (1/15)

Altars:


Message History

The arrow hits the dart slug but does no damage.
The dart slug launches a dart at you. The slug dart hits you.
38 ||| FLEEEEING.
39 ||| STILL FLEEEEING.
40 ||| STILL FLEEEEING.
41 ||| STILL FLEEEEING.
42 ||| STILL FLEEEEING.
43 ||| STILL FLEEEEING.
44 ||| STILL FLEEEEING.
45 ||| STILL FLEEEEING.
46 ||| STILL FLEEEEING.
47 ||| STILL FLEEEEING.
You start resting.
A dart slug is nearby!
You shoot an arrow. The arrow barely misses the dart slug.
You shoot an arrow. The arrow hits the dart slug!
You kill the dart slug!
You start resting.
HP restored.
d - a +0 ring mail A kobold comes into view.
It is wielding a +0 short sword.
The kobold shouts!
You hear a shout!
The kobold throws a stone.
The stone barely misses you.
You shoot an arrow. The arrow barely misses the kobold.
You shoot an arrow. The arrow barely misses the kobold.
The kobold throws a stone.
The stone barely misses you.
You shoot an arrow. The arrow hits the kobold!
You kill the kobold!
A gnoll comes into view. It is wielding a +0 flail.
You shoot an arrow. The arrow hits the gnoll!
The gnoll is severely wounded.
The gnoll hits you with a +0 flail!
Ouch! That really hurt!
You shoot an arrow. The arrow barely misses the gnoll.
The gnoll closely misses you.
You shoot an arrow. The arrow barely misses the gnoll.
The gnoll hits you with a +0 flail!
Ouch! That really hurt!
You die...

.... ..## ... ...
##)####### .........
##############g.......
...........#..@...#
................#.....
.....?........#.# ###
................#
#########.#...###
#######.#.#.....#
#...........###.#
######.#.......#..
#..............


You could see a gnoll.

Vanquished Creatures
  A dart slug (D:1)
  A giant cockroach (D:1)
  A hobgoblin (D:1)
  A kobold (D:1)
4 creatures vanquished.

Notes
Turn   | Place    | Note
-------+----------+-------------------------------------------
     0 | D:1      | qw the Deep Elf Hunter began the quest for the Orb.
     0 | D:1      | Reached XP level 1. HP: 12/12 MP: 3/3
     0 | D:1      | 0 ||| qw: Version: 0.3-a-22-g0ed2b0b
     0 | D:1      | 0 ||| qw: Game counter: 5373
     0 | D:1      | 0 ||| qw: Melee chars always use a shield: true
     0 | D:1      | 0 ||| qw: God list: Okawaru
     0 | D:1      | 0 ||| qw: Allow faded altars: false
     0 | D:1      | 0 ||| qw: Do Orc after clearing Dungeon:15 true
     0 | D:1      | 0 ||| qw: Do second Lair branch before Depths: true
     0 | D:1      | 0 ||| qw: Lair rune preference: random
     0 | D:1      | 0 ||| qw: Goals: Normal
     0 | D:1      | 0 ||| PLANNING D:1-11
    38 | D:1      | 38 ||| FLEEEEING.
    79 | D:1      | Slain by a gnoll

Levels and vault maps discovered:
D:1:      amcnicky_arrival_choice, layout_basic, kennysheep_another_room

Action                     || total
---------------------------++-------
   Fire: Shortbow          ||    12
  Dodge: Dodged            ||     3

Table legend:
 A = Non-vault XP
 B = Vault XP
 C = Vault XP percentage of total XP
 D = Non-vault monster count
 E = Vault monster count
 F = Vault count percentage of total count
                 A         B        C        D         E       F
            +---------+---------+-------+---------+---------+-------
      Total |       9 |       0 |   0.0 |       4 |       0 |   0.0
            +---------+---------+-------+---------+---------+-------
        D:1 |       9 |       0 |   0.0 |       4 |       0 |   0.0
            +---------+---------+-------+---------+---------+-------
